 Dungeon Crawl Stone Soup version 0.20.0-8-g6b59dc7 (webtiles) character file.

917 MTVSty1e the Insei (level 7, -1/54 HPs)
             Began as a Demonspawn Transmuter on June 2, 2017.
             Was an Initiate of Makhleb.
             Slain by an orc wizard
             ... wielding a +0 dagger
              (6 damage)
             ... on level 5 of the Dungeon.
             The game lasted 00:12:20 (4673 turns).

MTVSty1e the Insei (Demonspawn Transmuter)          Turns: 4673, Time: 00:12:21

Health: -1/54      AC:  2    Str: 12    XL:     7   Next: 83%
Magic:  2/10       EV: 19    Int: 14    God:    Makhleb [......]
Gold:   203        SH:  0    Dex: 19    Spells: 1/10 levels left

rFire    . . .     SeeInvis .     - Unarmed
rCold    . . .     Gourm    .   (shield currently unavailable)
rNeg     . . .     Faith    .   (armour currently unavailable)
rPois    x         Spirit   .   (helmet currently unavailable)
rElec    .         Reflect  .   (cloak currently unavailable)
rCorr    .         Harm     .   (gloves currently unavailable)
MR       +....                  (boots currently unavailable)
Stlth    ++........             i - amulet of regeneration
Regen    0.6/turn               q - ring of protection from magic
MPRegen  0.2/turn               (no ring)

@: spider-form, very slightly contaminated
A: no striking features
a: End Transformation, Renounce Religion


You were on level 5 of the Dungeon.
You worshipped Makhleb.
Makhleb was noncommittal.
You were not hungry.
You were a venomous arachnid creature.
You visited 1 branch of the dungeon, and saw 5 of its levels.

You collected 203 gold pieces.

Inventory:

Missiles
 a - 46 arrows
Armour
 b - a +0 robe (melded)
 o - a +2 pair of boots (melded)
 v - a +0 helmet
Jewellery
 i - an amulet of regeneration (around neck)
 l - an uncursed amulet of rage
 q - a ring of protection from magic (left front leg)
Wands
 n - a wand of confusion (44/48)
 y - a wand of digging (15/24)
Scrolls
 d - 3 scrolls of identify
 j - a scroll of fog
 p - a scroll of blinking {unknown}
 t - a scroll of recharging
 u - a scroll of teleportation
 w - a scroll of remove curse
 A - a scroll of immolation {unknown}
Potions
 e - 2 potions of lignification {unknown}
 g - 2 potions of agility {unknown}
 h - a potion of haste {unknown}
 k - a potion of might {unknown}
 m - a potion of flight {unknown}
 s - 2 potions of brilliance {unknown}
 x - a potion of mutation {unknown}
 z - a potion of heal wounds {unknown}
 B - a potion of cancellation {unknown}
Books
 c - a book of Changes

   Spells                             Type                      Level
   a - Beastly Appendage              Transmutation                1
   b - Sticks to Snakes               Transmutation                2
   c - Spider Form                    Transmutation/Poison         3
   d - Ice Form                       Ice/Transmutation            4
   e - Blade Hands                    Transmutation                5
Comestibles
 f - 3 fruits
 r - 3 bread rations


   Skills:
 + Level 4.2 Fighting
 - Level 1.7 Dodging
 * Level 6.3 Unarmed Combat
 - Level 2.0 Spellcasting
 * Level 4.6 Transmutations


You had one spell level left.
You knew the following spells:

 Your Spells              Type           Power        Failure   Level  Hunger
a - Beastly Appendage     Tmut           ##....       12%         1    ##.....
b - Spider Form           Tmut/Pois      #.........   50%         3    ####...
c - Blade Hands           Tmut           ##........   86%         5    ######.


Dungeon Overview and Level Annotations

Branches:
Dungeon (5/15)
 Temple: D:4-7

Altars:
Dithmenos
Gozag
Hepliaklqana
Makhleb
Ru


Innate Abilities, Weirdness & Mutations

((You are mostly covered in thin metallic scales. (AC +3)))
((Your flesh is cold resistant. (rC+)))


Message History

The orc wizard completely misses you.
The orc priest calls down the wrath of Beogh upon you.
Beogh smites you! The iguana bites you!
* * * LOW HITPOINT WARNING * * *
The orc barely misses you. The orc wizard misses you.
You barely miss the orc wizard.
The orc wizard is moderately wounded.
The orc wizard closely misses you. The iguana completely misses you.
The orc hits you with a whip.
* * * LOW HITPOINT WARNING * * *
The orc shouts!
You hit the orc.
The orc is almost dead.
You kill the orc!
Makhleb accepts your kill. The orc wizard completely misses you.
The iguana completely misses you.
You closely miss the orc wizard.
The orc wizard is moderately wounded.
The orc wizard hits you with a dagger.
You die...

o. #...## .. ...
....##.
o...#.....
#...... ..
#...o# . .
#..o## .#.
#..#..## ...
###. ##.l##
#.### ###..
##os##....#.
##....
##)........
#.....
###..####..
...... ###....#
......###..)##.#
#....#### ..# ..
##.### #... ..#
#.# .... #..#
#.# ..##.


You could see an iguana, an orc priest, an orc wizard and an orc.

Vanquished Creatures
  Grinder (D:4)
  A phantom (D:4)
  A sky beast (D:5)
  A howler monkey (D:4)
  2 hounds (D:4)
  An orc priest (D:4)
  4 worker ants (D:4)
  An orc wizard (D:4)
  A hound skeleton (D:5)
  Robin (D:4)
  5 adders
  8 gnolls
  4 oozes
  An adder zombie (D:4)
  6 worms
  3 dart slugs (D:2)
  4 leopard geckos
  11 orcs
  2 bats
  4 giant cockroaches (D:2)
  15 goblins
  11 hobgoblins
  4 jackals (D:4)
  2 quokkas (D:2)
  2 ball pythons
  4 frilled lizards
  7 kobolds
  A leopard gecko skeleton (D:4)
  6 rats
114 creatures vanquished.

Notes
Turn   | Place    | Note
-------+----------+-------------------------------------------
     0 | D:1      | MTVSty1e the Demonspawn Transmuter began the quest for the Orb.
     0 | D:1      | Reached XP level 1. HP: 15/15 MP: 3/3
   144 | D:1      | Reached skill level 3 in Unarmed Combat
   147 | D:1      | Gained mutation: Your flesh is cold resistant. (rC+) [demonic ancestry]
   147 | D:1      | Reached XP level 2. HP: 11/21 MP: 3/5
   980 | D:2      | Reached XP level 3. HP: 27/27 MP: 4/6
  1003 | D:2      | Learned a level 3 spell: Spider Form
  1630 | D:2      | Reached skill level 4 in Unarmed Combat
  1659 | D:2      | Found a sacrificial altar of Ru.
  1728 | D:2      | Gained mutation: You are partially covered in thin metallic scales. (AC +2) [demonic ancestry]
  1728 | D:2      | Reached XP level 4. HP: 19/33 MP: 7/7
  2607 | D:3      | Reached XP level 5. HP: 39/39 MP: 3/8
  3417 | D:4      | Reached skill level 5 in Unarmed Combat
  3423 | D:4      | Gained mutation: You are mostly covered in thin metallic scales. (AC +3) [demonic ancestry]
  3423 | D:4      | Reached XP level 6. HP: 22/47 MP: 2/9
  3592 | D:4      | Noticed Robin
  3657 | D:4      | Killed Robin
  3691 | D:4      | Learned a level 5 spell: Blade Hands
  3720 | D:4      | Noticed Grinder
  3752 | D:4      | Killed Grinder
  3752 | D:4      | Reached XP level 7. HP: 40/52 MP: 2/10
  3894 | D:4      | Found a hazy altar of Hepliaklqana.
  3901 | D:4      | Found an opulent altar of Gozag.
  3966 | D:4      | Found a shadowy altar of Dithmenos.
  4298 | D:4      | Reached skill level 6 in Unarmed Combat
  4493 | D:4      | Found a burning altar of Makhleb.
  4502 | D:4      | Became a worshipper of Makhleb the Destroyer
  4565 | D:5      | Entered Level 5 of the Dungeon
  4673 | D:5      | Slain by an orc wizard

Skill      XL: |  1  2  3  4  5  6  7 |
---------------+----------------------+-----
Unarmed Combat | 3 4 5 6 |  6.3
Fighting       | 2 3 4 |  4.2
Transmutations | 2 3 4 |  4.6
Dodging        | |  1.7
Spellcasting   | |  2.0

Action                   |  1- 3 |  4- 6 |  7- 9 || total
-------------------------+-------+-------+-------++-------
Melee: Unarmed           |   113 |   262 |    90 ||   465
       Headbutt          |     8 |    14 |     6 ||    28
       Kick              |    14 |     1 |       ||    15
       Punch             |       |     5 |       ||     5
 Cast: Beastly Appendage |    22 |    26 |     9 ||    57
       Spider Form       |       |    13 |     4 ||    17
Evoke: Wand              |       |     2 |       ||     2
  Use: Scroll            |       |     8 |       ||     8
 Stab: Sleeping          |     4 |     1 |       ||     5
  Eat: Bread ration      |     1 |       |       ||     1
       Meat ration       |       |     1 |     1 ||     2
       Royal jelly       |       |     1 |       ||     1
       Chunk             |       |     1 |     1 ||     2
Armor: Robe              |    10 |    51 |    20 ||    81
       Skin              |       |     8 |     1 ||     9
Dodge: Dodged            |    59 |   172 |    50 ||   281
